 Dungeon Crawl Stone Soup version 0.25-a0-730-g633e9c3c14 (webtiles) character file.

Game seed: 1195350745467809300, levelgen mode: deterministic

38126 vurker the Eclecticist (level 13, 0/78 HPs)
             Began as a Deep Elf Air Elementalist on Apr 7, 2020.
             Was an Elder of Vehumet.
             Succumbed to a redback's poison
             ... on level 2 of the Lair of Beasts.
             The game lasted 00:36:07 (24793 turns).

vurker the Eclecticist (Deep Elf Air Elementalist) Turns: 24793, Time: 00:36:07

Health: 0/78       AC:  9    Str:  5    XL:     13   Next: 62%
Magic:  19/34      EV: 15    Int: 26    God:    Vehumet [****..]
Gold:   1111       SH:  5    Dex: 18    Spells: 31/43 levels left

rFire    . . .     SeeInvis .   z - +2 dagger of Defiance {protect, MR+ Dex+3} (curse)
rCold    + . .     Gourm    .   k - +0 buckler
rNeg     . . .     Faith    .   l - +3 leather armour {rC+}
rPois    .         Spirit   .   d - +1 hat {MR+}
rElec    .         Reflect  .   h - +0 cloak
rCorr    .         Harm     .   q - +0 pair of gloves
MR       +++..                  (no boots)
Stlth    ++........             y - amulet of the acrobat
HPRegen  0.23/turn              r - ring of flight
MPRegen  0.24/turn              B - +2 ring of evasion

@: lethally poisoned (0 -> -9)
A: no striking features
a: Renounce Religion, Evoke Flight


You were on level 2 of the Lair of Beasts.
You worshipped Vehumet.
Vehumet was greatly pleased with you.
You were very hungry.

You visited 2 branches of the dungeon, and saw 15 of its levels.

You collected 1111 gold pieces.

Inventory:

Hand Weapons
 z - the cursed +2 dagger of Defiance (weapon) {protect, MR+ Dex+3}
   (You found it on level 8 of the Dungeon)

   It grants its wielder temporary protection when it strikes (+7 to AC).
   It affects your dexterity (+3).
   It affects your resistance to hostile enchantments.
   It has a curse placed upon it.
Armour
 d - a +1 hat of magic resistance (worn)
   (You took it off Gastronok on level 1 of the Lair of Beasts)
 h - a +0 cloak (worn)
   (You took it off Maurice on level 8 of the Dungeon)
 k - a +0 buckler (worn)
   (You found it on level 3 of the Dungeon)
 l - a +3 leather armour of cold resistance (worn)
   (You took it off a hobgoblin on level 1 of the Dungeon)
 q - a +0 pair of gloves (worn)
   (You found it on level 5 of the Dungeon)
 G - a +2 robe of positive energy
   (You took it off Josephine on level 11 of the Dungeon)
Jewellery
 r - a ring of flight (left hand)
   (You found it on level 6 of the Dungeon)
 y - an amulet of the acrobat (around neck)
   (You found it on level 8 of the Dungeon)
 B - a +2 ring of evasion (right hand)
   (You found it on level 2 of the Lair of Beasts)
Wands
 t - a wand of flame (16)
   (You found it on level 8 of the Dungeon)
 u - a wand of paralysis (7)
   (You found it on level 7 of the Dungeon)
 v - a wand of digging (1)
   (You took it off Maurice on level 8 of the Dungeon)
 x - a wand of acid (4)
   (You found it on level 4 of the Dungeon)
Scrolls
 a - 4 scrolls of teleportation
 b - 2 scrolls of amnesia {unknown}
 c - 5 scrolls of enchant armour {unknown}
 f - 3 scrolls of fog
 g - a scroll of blinking {unknown}
 j - 2 scrolls of enchant weapon
 o - 9 scrolls of remove curse
 p - 3 scrolls of vulnerability {unknown}
 s - a scroll of identify
 D - a scroll of summoning {unknown}
 E - a scroll of fear {unknown}
 F - a scroll of magic mapping {unknown}
 H - a scroll of silence {unknown}
Potions
 i - a potion of magic
 m - 12 potions of curing
 n - 2 potions of invisibility
 w - a potion of heal wounds
 A - 2 potions of ambrosia
 C - 2 potions of brilliance
 I - a potion of flight
 K - a potion of lignification {unknown}
Comestibles
 e - 15 rations


   Skills:
 + Level 7.9 Fighting
 + Level 3.5 Dodging
 - Level 2.4 Stealth
 - Level 4.1 Shields
 + Level 15.9 Spellcasting
 * Level 11.2 Conjurations
 * Level 13.4 Air Magic


You had 31 spell levels left.
You knew the following spells:

 Your Spells              Type           Power        Failure   Level  Hunger
a - Shock                 Conj/Air       ####         1%          1    None
b - Lightning Bolt        Conj/Air       ######....   1%          5    None
c - Airstrike             Air            ######....   1%          4    None
w - Blink                 Tloc           N/A          6%          2    None

Your spell library contained the following spells:

 Spells                   Type           Power        Failure   Level  Hunger
 Fulminant Prism          Conj/Hex       ######....   1%          4    None
 Magic Dart               Conj           ####         1%          1    None
 Poisonous Vapours        Pois/Air       ######       1%          2    None
 Swiftness                Chrm/Air       ######..     1%          2    None
 Conjure Flame            Conj/Fire      ######..     1%          3    None
 Dazzling Flash           Conj/Hex       ######       1%          3    None
 Mephitic Cloud           Conj/Pois/Air  ######..     1%          3    None
 Static Discharge         Conj/Air       ######..     1%          3    None
 Summon Lightning Spire   Summ/Air       ######..     2%          4    None
 Ignite Poison            Fire/Tmut/Pois ###.....     3%          3    None
 Iskenderun's Battlesphe  Conj/Chrm      ######..     3%          5    None
 Beastly Appendage        Tmut           ###...       4%          1    None
 Corona                   Hex            ###....      4%          1    None
 Sting                    Tmut/Pois      ###.         4%          1    None
 Summon Small Mammal      Summ           ###.         4%          1    None
 Call Imp                 Summ           ###.....     6%          2    None
 Ensorcelled Hibernation  Hex/Ice        ###...       6%          2    None
 Slow                     Hex            ###.....     6%          2    None
 Sticks to Snakes         Tmut           ###.....     6%          2    None
 Bolt of Magma            Conj/Fire/Erth #####.....   7%          5    None
 Silence                  Hex/Air        ######....   8%          5    None
 Orb of Destruction       Conj           ######....   10%         7    #####..
 Olgreb's Toxic Radiance  Pois           ###.....     11%         4    None
 Call Canine Familiar     Summ           ###.....     13%         3    None
 Confusing Touch          Hex            ###.....     13%         3    None
 Spider Form              Tmut/Pois      ###.......   13%         3    None
 Summon Guardian Golem    Hex/Summ       ###.....     13%         3    None
 Tukima's Dance           Hex            ###.....     13%         3    None
 Iron Shot                Conj/Erth      ######....   17%         6    ####...
 Yara's Violent Unravell  Hex/Tmut       ###.......   28%         5    None
 Cause Fear               Hex            ###.......   38%         4    None
 Ice Form                 Ice/Tmut       ###.....     38%         4    None
 Summon Ice Beast         Ice/Summ       ###.....     38%         4    None
 Deflect Missiles         Chrm/Air       ######....   38%         6    ####...
 Spellforged Servitor     Conj/Summ      ######....   63%         7    #####..
 Blade Hands              Tmut           ###.......   75%         5    None
 Discord                  Hex            ###.......   100%        8    #######


Dungeon Overview and Level Annotations

Branches:
Dungeon (12/15)            Temple (0/1) D:5            Lair (3/6) D:8
    Orc (0/2) D:10
  Swamp: Lair:2-4    Shoals: Lair:2-4     Snake: Lair:2-4    Spider: Lair:2-4

Altars:
Ashenzari
Fedhas
Gozag
Makhleb
Okawaru
Qazlal
Ru
Vehumet
Yredelemnul
Zin
The Shining One
Beogh

Shops:
D:4 [   D:7 :   D:8 !

Annotations:
D:4 3 runed translucent doors, zkyp's ghost, amateur HuSk
D:6 2 transporters, TrebMcFLY's ghost, novice OpFi


Message History

You hit the yak but do no damage. The redback barely misses you.
The jumping spider leaps!
The yak gores you but does no damage. The yak closely misses you.
The yak gores you. x2
The yak gores you but does no damage. The elephant tramples you!
You hold your ground!
The elephant completely misses you. The redback misses you.
The jumping spider leaps!
The redback misses you. The redback closely misses you.
You hit the yak but do no damage. The jumping spider pounces on you!
The jumping spider bites you but does no damage.
The yak barely misses you. The yak misses you. The redback misses you.
The jumping spider leaps!
The yak closely misses you.
The jumping spider leaps!
You block the yak's attack. The redback completely misses you.
The yak completely misses you. The elephant completely misses you. x2
There is a stone staircase leading up, spattered with blood here.
The elephant tramples you!
* * * LOW HITPOINT WARNING * * *
You stumble backwards!
You stop ascending the stairs.
The elephant barely misses you. You block the elephant's attack.
The yak completely misses you.
Found a leather armour.
The redback completely misses you. The yak misses you. The redback bites you!
* * * LOW HITPOINT WARNING * * *
You are poisoned.
The redback poisons you!
You feel very sick.
The jumping spider leaps!
The jumping spider barely misses you. The jumping spider misses you.
The redback completely misses you.
You feel sick.
The jumping spider completely misses you.
The jumping spider barely misses you.
You feel sick. You block the redback's attack.
You feel sick. The jumping spider misses you.
The jumping spider completely misses you.
You feel sick.
The jumping spider leaps!
The redback barely misses you.
You feel sick.
You feel sick.
You feel sick.
The yak bellows!
You hear a bellow!
The redback barely misses you.
You feel sick.
The jumping spider leaps!
There is a stone staircase leading up, spattered with blood here.
You feel sick. The redback bites you!
* * * LOW HITPOINT WARNING * * *
You block the elephant's attack. The elephant trunk-slaps you.
* * * LOW HITPOINT WARNING * * *
The redback completely misses you.
You climb upwards.
You die...

.#........#####...##.##
##..P.##### ##...#...#
##..### #..#.##.##
##..# ###.#.##.#
##..#########.P.P.##.#
##...#.##..##........#
.#.........###......##
.......P#..##...s...##
........##.#...Y@....#
####....#....#.......#
#..........##.....#
####..#.......##.....##
.##...#...............#
..................#..##
###P..............#..##
###.....P.##..........#
..........##.P.......##


You could see an elephant and a redback.

Vanquished Creatures
  Gastronok (Lair:1)
  Nessos (D:12)
  Josephine (D:11)
  3 hydras (Lair:2)
  A death knight (D:12)
  6 two-headed ogres
  A death yak (Lair:2)
  Nergalle (D:12)
  2 unseen horrors
  Pikel (D:7)
  2 ugly things (D:12)
  Maurice (D:8)
  A black mamba (Lair:3)
  2 elephants (Lair:3)
  A torpor snail (Lair:2)
  Joseph (D:7)
  5 spiny frogs
  4 jumping spiders (Lair:3)
  3 trolls
  3 slime creatures
  2 hornets
  25 blink frogs
  4 hippogriffs
  Sigmund (D:2)
  2 wyverns
  A spriggan (D:8)
  A hungry ghost (D:9)
  5 wraiths (D:11)
  14 yaks
  2 basilisks (Lair:2)
  A steam dragon (D:10)
  11 water moccasins
  8 porcupines
  13 orc warriors
  2 ice beasts
  A sky beast (D:12)
  A black bear (D:9)
  A necrophage (D:9)
  9 ogres
  9 centaurs
  3 phantoms
  6 crocodiles
  Blork the orc (D:5)
  15 bullfrogs
  A wyvern zombie (D:8)
  A water moccasin zombie (D:7)
  3 scorpions
  11 killer bees
  8 wights
  A howler monkey (D:6)
  9 crimson imps
  3 jellies
  A quasit (D:12)
  A centaur zombie (D:5)
  3 hounds
  9 orc priests
  8 orc wizards
  2 bullfrog skeletons
  3 centaur skeletons
  2 iguanas
  7 worker ants
  Natasha (thrice) (D:3)
  2 hound skeletons
  A worker ant zombie (D:10)
  7 gnolls
  A howler monkey skeleton (D:9)
  10 adders
  6 shadow imps
  An ooze (D:4)
  An adder zombie (D:6)
  An adder skeleton (D:8)
  2 worms
  5 leopard geckos
  61 orcs
  5 ball pythons
  9 giant cockroaches
  9 goblins
  7 hobgoblins
  5 jackals
  3 quokkas
  9 bats
  5 frilled lizards
  8 kobolds
  A leopard gecko zombie (D:5)
  A quokka skeleton (D:7)
  12 rats
427 creatures vanquished.

Vanquished Creatures (others)
  3 bushes
  7 fungi
  21 plants
31 creatures vanquished.

Grand Total: 458 creatures vanquished

Notes
Turn   | Place    | Note
-------+----------+-------------------------------------------
     0 | D:1      | vurker the Deep Elf Air Elementalist began the quest for
                  | the Orb.
     0 | D:1      | Reached XP level 1. HP: 10/10 MP: 6/6
   198 | D:1      | Reached XP level 2. HP: 15/15 MP: 5/8
   760 | D:1      | Reached XP level 3. HP: 20/20 MP: 7/10
  1145 | D:2      | Found a radiant altar of Vehumet.
  1337 | D:2      | Found a shattered altar of Ashenzari.
  1436 | D:2      | Reached skill level 4 in Spellcasting
  1497 | D:2      | Reached skill level 1 in Fighting
  1497 | D:2      | Reached XP level 4. HP: 11/25 MP: 0/12
  1832 | D:2      | Noticed Sigmund
  1924 | D:2      | Found a glowing golden altar of the Shining One.
  3396 | D:2      | Killed Sigmund
  3396 | D:2      | Reached skill level 1 in Shields
  3396 | D:2      | Reached skill level 5 in Spellcasting
  3396 | D:2      | Reached XP level 5. HP: 29/29 MP: 5/14
  3396 | D:2      | Reached XP level 6. HP: 34/34 MP: 5/16
  3407 | D:2      | Became a worshipper of Vehumet
  3426 | D:3      | Learned a level 5 spell: Lightning Bolt
  3431 | D:3      | Learned a level 4 spell: Airstrike
  3560 | D:3      | Found a faded altar of an unknown god.
  3666 | D:3      | Noticed Natasha
  3668 | D:3      | Killed Natasha
  3850 | D:3      | Noticed Natasha
  3855 | D:3      | Killed Natasha
  3980 | D:3      | Noticed Natasha
  3984 | D:3      | Killed Natasha
  4040 | D:3      | Found an iron altar of Okawaru.
  4302 | D:4      | Found a runed translucent gate.
  4302 | D:4      | Found a runed translucent gate.
  4306 | D:4      | Noticed zkyp's ghost (amateur HuSk)
  4307 | D:4      | Noticed a yak
  4315 | D:4      | Found a runed translucent gate.
  4578 | D:4      | Found Kopseonu's Antique Armour Boutique.
  4717 | D:4      | Found a burning altar of Makhleb.
  4717 | D:4      | Noticed a blizzard demon
  4869 | D:5      | Entered Level 5 of the Dungeon
  5790 | D:5      | Reached skill level 6 in Spellcasting
  5790 | D:5      | Reached XP level 7. HP: 36/40 MP: 9/18
  5850 | D:5      | Noticed Blork the orc
  5860 | D:5      | Killed Blork the orc
  5860 | D:5      | Reached skill level 5 in Air Magic
  6508 | D:5      | Reached * piety under Vehumet
  6508 | D:5      | Offered knowledge of Freeze by Vehumet.
  6508 | D:5      | Reached skill level 7 in Spellcasting
  6508 | D:5      | Reached XP level 8. HP: 37/45 MP: 9/20
  7194 | D:5      | Found a basalt altar of Yredelemnul.
  7194 | D:5      | Found a stormy altar of Qazlal.
  7265 | D:5      | Found a sacrificial altar of Ru.
  7267 | D:5      | Found a faded altar of an unknown god.
  7269 | D:5      | Found a glowing silver altar of Zin.
  7347 | D:5      | Found a staircase to the Ecumenical Temple.
  7607 | D:6      | Found a transporter.
  7798 | D:6      | Reached skill level 8 in Spellcasting
  7865 | D:6      | Found a transporter.
  7875 | D:6      | Noticed TrebMcFLY's ghost (novice OpFi)
  7877 | D:6      | Identified the ring "Joijorgh" {Str+2 Int+5 Dex-3}
  7940 | D:6      | Learned a level 2 spell: Blink
  8090 | D:7      | Noticed Joseph
  8141 | D:7      | Noticed a hippogriff
  8147 | D:7      | Killed a hippogriff
  8427 | D:7      | Reached XP level 9. HP: 51/51 MP: 4/23
  8544 | D:7      | Killed Joseph
  8544 | D:7      | Reached skill level 9 in Spellcasting
  8932 | D:7      | Reached skill level 5 in Conjurations
  9122 | D:7      | Found Izir's Book Shop.
  9388 | D:8      | Got a pitted hunting sling
  9389 | D:8      | Identified the cursed +1 hunting sling of Terra Nullius
                  | {speed, Str+2 Dex-5 Stlth+} (You found it on level 8 of the
                  | Dungeon)
  9766 | D:8      | Reached skill level 10 in Spellcasting
 10036 | D:8      | Offered knowledge of Sandblast by Vehumet.
 10091 | D:8      | Found a shattered altar of Ashenzari.
 10148 | D:8      | Reached ** piety under Vehumet
 10153 | D:8      | Noticed Pikel
 10157 | D:8      | Got a slimy dagger
 10177 | D:8      | Identified the cursed +2 dagger of Defiance {protect, MR+
                  | Dex+3} (You found it on level 8 of the Dungeon)
 10411 | D:8      | Reached XP level 10. HP: 58/58 MP: 4/26
 10549 | D:8      | Found a staircase to the Lair.
 10550 | D:8      | Noticed Maurice
 10620 | D:7      | Killed Pikel
 10620 | D:7      | Reached skill level 11 in Spellcasting
 10809 | D:8      | Killed Maurice
 11025 | D:8      | Found Badash's Distillery.
 11537 | D:9      | Offered knowledge of Inner Flame by Vehumet.
 11537 | D:9      | Reached skill level 5 in Fighting
 12065 | D:9      | Noticed a two-headed ogre
 12097 | D:9      | Killed a two-headed ogre
 12097 | D:9      | Reached skill level 12 in Spellcasting
 12365 | D:9      | Noticed a two-headed ogre
 12370 | D:9      | Killed a two-headed ogre
 12370 | D:9      | Reached XP level 11. HP: 64/64 MP: 9/29
 12678 | D:10     | Entered Level 10 of the Dungeon
 12732 | D:10     | Noticed a two-headed ogre
 12740 | D:10     | Killed a two-headed ogre
 12740 | D:10     | Reached skill level 10 in Air Magic
 12922 | D:10     | Reached *** piety under Vehumet
 13353 | D:10     | Found a staircase to the Orcish Mines.
 13446 | D:10     | Offered knowledge of Stone Arrow by Vehumet.
 14527 | D:11     | Noticed Josephine
 14709 | D:11     | Killed Josephine
 14709 | D:11     | Reached skill level 13 in Spellcasting
 15146 | D:11     | Reached **** piety under Vehumet
 15326 | D:11     | Killed an unseen horror
 15444 | D:11     | Noticed a two-headed ogre
 15445 | D:11     | Found a roughly hewn altar of Beogh.
 15659 | D:11     | Killed a two-headed ogre
 15659 | D:11     | Offered knowledge of Frozen Ramparts by Vehumet.
 16568 | D:11     | Found an opulent altar of Gozag.
 16618 | D:11     | Reached skill level 14 in Spellcasting
 16972 | D:12     | Noticed Nergalle
 16979 | D:12     | Killed Nergalle
 16979 | D:12     | Reached XP level 12. HP: 58/71 MP: 5/32
 17994 | D:12     | Noticed a two-headed ogre
 17998 | D:12     | Killed a two-headed ogre
 18195 | D:12     | Found a blossoming altar of Fedhas.
 18354 | D:12     | Noticed a two-headed ogre
 18360 | D:12     | Killed a two-headed ogre
 18639 | D:12     | Noticed a death knight
 18690 | D:12     | Killed a death knight
 19148 | D:12     | Reached ***** piety under Vehumet
 19305 | D:12     | Noticed Nessos
 19312 | D:12     | Killed Nessos
 19312 | D:12     | Reached skill level 15 in Spellcasting
 19581 | D:12     | Offered knowledge of Fulminant Prism by Vehumet.
 20222 | Lair:1   | Entered Level 1 of the Lair of Beasts
 20674 | Lair:1   | Noticed Gastronok
 20901 | Lair:1   | Killed Gastronok
 21202 | Lair:1   | Reached skill level 10 in Conjurations
 21365 | Lair:1   | Reached XP level 13. HP: 76/76 MP: 31/34
 23051 | Lair:2   | Identified Yfaejyin's Handbook of Venom and Moulding
 24792 | Lair:3   | HP: 3/78 [redback (11)]
 24793 | Lair:2   | Succumbed to a redback's poison

Levels and vault maps discovered:
D:1:      heliophobic_arrival_battle_scene, layout_basic
D:2:      wander_river, layout_loops_cross, nicolae_overflow_crystal_walls,
          nicolae_overflow_hidden_temple, lemuel_crystal_altar, uniq_sigmund
D:3:      layout_rooms, okawaru_ov_weapons_minmay,
          chequers_ecumenical_altar_island, uniq_natasha
D:4:      layout_loops_ring, makhleb_altar_promises_db, gammafunk_ghost_split,
          serial_shops, shop_fountains
D:5:      layout_loops_ring, chequers_temple_overflow_minitemple,
          minmay_temple_entry_gardened_gates, first_ration,
          cheibrodos_sewer_entry_drain, kb_lookout_dungeons_type,
          minmay_manual_moon, uniq_blork_the_orc
D:6:      layout_cave_pools, gammafunk_ghost_gnarly_gnolls, fountainhead
D:7:      layout_rooms, serial_shops, nicolae_shop_behind_doors, uniq_joseph
D:8:      layout_rooms, minmay_lair_entry_grove, serial_shops, shop,
          st_stairs_12, grunt_pizzeria, lemuel_tele_altar, uniq_maurice,
          uniq_pikel
D:9:      layout_basic
D:10:     layout_basic, david_orc_2
D:11:     layout_roguey [special_room_orc], nicolae_gozag_seed_capital,
          uniq_josephine
D:12:     layout_grid_maze, gauntlet_entry_generic,
          fedhas_bush_and_centaur_altar, uniq_nessos, uniq_nergalle
Lair:1:   layout_cave_pods, uniq_gastronok
Lair:2:   layout_loops_ring, serial_bayou_pond_b, grunt_megastairs_5
Lair:3:   layout_hall_layers, elwin_shoals_entry_stream,
          nicolae_spider_entry_tight_spaces

Skill      XL: |  1  2  3  4  5  6  7  8  9 10 11 12 13 |
---------------+----------------------------------------+-----
Spellcasting   | 4 5 6 7 8 10 12 14 15 | 15.9
Fighting       | 1 2 3 4 5 6 7 |  7.9
Conjurations   | 2 3 4 5 7 8 10 11 | 11.2
Shields        | 1 2 3 4 |  4.1
Air Magic      | 4 5 6 8 9 11 12 13 | 13.4
Dodging        | 3 |  3.5
Stealth        | |  2.4

Action                   |  1- 3 |  4- 6 |  7- 9 | 10-12 | 13-15 || total
-------------------------+-------+-------+-------+-------+-------++-------
Melee: Short sword       |     6 |       |       |       |       ||     6
       Dagger            |     6 |       |    21 |    62 |    24 ||   113
 Cast: Shock             |    88 |   152 |   217 |    25 |    14 ||   496
       Airstrike         |       |       |    58 |   396 |   144 ||   598
       Lightning Bolt    |       |       |       |     8 |     5 ||    13
       Blink             |       |       |       |     1 |     1 ||     2
Evoke: Wand              |       |       |       |    18 |       ||    18
  Use: Scroll            |       |       |    10 |     5 |     1 ||    16
  Eat: Chunk             |     2 |     8 |    12 |    17 |    10 ||    49
       Ration            |       |     1 |     1 |     5 |       ||     7
Armor: Robe              |     5 |     5 |       |       |       ||    10
       Leather armour    |       |     7 |    15 |    36 |    23 ||    81
Dodge: Dodged            |    25 |    48 |    52 |    60 |    93 ||   278
Block: Buckler           |       |     9 |    22 |    41 |    22 ||    94

Table legend:
 A = Non-vault XP
 B = Vault XP
 C = Vault XP percentage of total XP
 D = Non-vault monster count
 E = Vault monster count
 F = Vault count percentage of total count
                 A         B        C        D         E       F
            +---------+---------+-------+---------+---------+-------
      Total |   38201 |   16265 |  29.9 |     345 |      82 |  19.2
            +---------+---------+-------+---------+---------+-------
        D:1 |      45 |       0 |   0.0 |      30 |       0 |   0.0
        D:2 |      63 |     220 |  77.7 |      16 |       1 |   5.9
        D:3 |     185 |      35 |  15.9 |      26 |       1 |   3.7
        D:4 |      54 |       0 |   0.0 |       6 |       0 |   0.0
        D:5 |    1038 |     292 |  22.0 |      20 |       7 |  25.9
        D:6 |     359 |       0 |   0.0 |      10 |       0 |   0.0
        D:7 |     852 |    1217 |  58.8 |      15 |       3 |  16.7
        D:8 |     982 |    2336 |  70.4 |      23 |      15 |  39.5
        D:9 |    3527 |       0 |   0.0 |      28 |       0 |   0.0
       D:10 |    2064 |     287 |  12.2 |      18 |       8 |  30.8
       D:11 |    4972 |    3286 |  39.8 |      52 |      32 |  38.1
       D:12 |    7694 |    2353 |  23.4 |      36 |       3 |   7.7
     Lair:1 |    4979 |    2359 |  32.1 |      23 |       1 |   4.2
     Lair:2 |    7263 |    2655 |  26.8 |      23 |       7 |  23.3
     Lair:3 |    4124 |    1225 |  22.9 |      19 |       4 |  17.4
            +---------+---------+-------+---------+---------+-------
